 Dungeon Crawl Stone Soup version 0.31-a0-263-ge8cad7f256 (webtiles) character file.

Game seed: 17294794056416449426

382 qw the Shooter (level 6, 0/53 HPs)
             Began as a Minotaur Hexslinger on July 13, 2023.
             Was an Initiate of Okawaru.
             Killed by divine providence
             ... invoked by an orc priest
              (10 damage)
             ... on level 5 of the Dungeon.
             The game lasted 00:01:21 (4087 turns).

qw the Shooter (Minotaur Hexslinger)                Turns: 4087, Time: 00:01:22

Health: 0/53       AC:  6    Str: 12    XL:     6   Next: 47%
Magic:  4/6        EV: 13    Int: 10    God:    Okawaru [......]
Gold:   235        SH:  5    Dex: 15    Spells: 6/7 levels left

rFire   . . .        Y - +1 sling
rCold   . . .        (no shield)
rNeg    . . .        a - +0 ring mail
rPois   .            (helmet restricted)
rElec   .            (no cloak)
rCorr   .            (no gloves)
SInv    .            (no boots)
Will    .....        f - amulet of reflection
Stlth   ++           (no ring)
HPRegen 0.28/turn    (no ring)
MPRegen 0.10/turn

%: reflection
@: lethally poisoned (0 -> -1), about to teleport, heroic
A: horns 2, retaliatory headbutt
a: Renounce Religion


You were on level 5 of the Dungeon.
You worshipped Okawaru.
Okawaru was noncommittal.
You visited 1 branch of the dungeon, and saw 5 of its levels.

You collected 235 gold pieces.


Innate Abilities, Weirdness & Mutations

You have a pair of horns on your head.
You reflexively headbutt those who attack you in melee.


   Skills:
 - Level 4.5(9.5) Fighting
 + Level 6.3(11.3) Ranged Weapons
 - Level 1.1(6.1) Armour
 - Level 2.1(7.1) Dodging
 - Level 1.0 Spellcasting
 - Level 2.0 Hexes


You had 6 spell levels left.
You knew the following spells:

 Your Spells              Type           Power      Damage    Failure   Level
a - Slow                  Hex            16%        N/A       30%         1

Your spell library contained the following spells:

 Spells                   Type           Power      Damage    Failure   Level
 Inner Flame              Hex/Fire       2%         N/A       80%         3
 Portal Projectile        Hex/Tloc       4%         N/A       80%         3
 Cause Fear               Hex            2%         N/A       97%         4

Inventory:

Hand Weapons
 Y - a +1 sling (weapon)
Armour
 a - a +0 ring mail (worn)
Jewellery
 f - an amulet of reflection (around neck)
Scrolls
 d - a scroll of identify
Potions
 b - a potion of lignification {unknown}
 c - a potion of might {unknown}
 g - a potion of brilliance {unknown}
 i - a potion of curing {unknown}
 j - a potion of ambrosia {unknown}
 k - a potion of berserk rage {unknown}
 l - a potion of invisibility {unknown}

Dungeon Overview and Level Annotations

Branches:
Dungeon (5/15)
 Temple: D:4-7

Altars:
Dithmenos
Fedhas
Okawaru
Xom
Zin
The Shining One


Message History

The orc priest hits you with a +0 dagger.
An orc priest comes into view. It is wielding a +0 flail.
You block the orc priest's attack. The scorpion completely misses you.
You furiously retaliate!
You headbutt the scorpion!
You kill the scorpion!
Okawaru accepts your kill.
You can now gain great but temporary skills.
Your Fighting skill increases to level 4!
4082 ||| INVOKING Heroism.
You fail to use your ability.
You feel sick.
The orc priest miscasts a cantrip.
You block the orc priest's attack.
4083 ||| Stepping ~*~*~tactically~*~*~ (outnumbered).
You feel sick.
4084 ||| INVOKING Heroism.
You gain the combat prowess of a mighty hero.
You can no longer gain great but temporary skills.
You feel sick.
The orc priest invokes the aid of Beogh against you.
Beogh smites you!
The orc priest hits you but does no damage.
You hear a shout!
You shoot a sling bullet.
The sling bullet barely misses the orc priest.
You feel sick.
The orc priest hits you with a +0 dagger.
You shoot a sling bullet. The sling bullet hits the orc priest.
The orc priest is lightly wounded.
You feel sick.
The orc priest looks encouraged for a moment.
The orc priest hits you with a +0 dagger.
The orc priest invokes the aid of Beogh against you.
Beogh smites you!
4087 ||| READING scroll of teleportation.
As you read the scroll of teleportation, it crumbles to dust.
You feel strangely unstable.
You feel sick.
The orc priest invokes the aid of Beogh against you.
Beogh smites you!
You die...

#.# ##.............
#..##............... o
#.#...#............
o..##o..# #..#.........
so......###.###........
#...#..#####......
##oo..#........###
##oo..#.######.#
#@##..### #.# #####.#
### ###


You could see 3 orc priests and an orc wizard.

Vanquished Creatures
  A phantom (D:5)
  A scorpion (D:5)
  A jelly (D:5)
  An orc priest (D:4)
  An iguana (D:5)
  3 gnolls (D:5)
  3 adders
  3 worms
  2 dart slugs
  11 orcs
  9 endoplasms
  2 giant cockroaches
  6 goblins
  5 hobgoblins
  4 jackals (D:1)
  6 kobolds
  3 quokkas
  5 ball pythons
  8 bats
  5 frilled lizards
  9 rats
89 creatures vanquished.

Notes
Turn   | Place    | Note
-------+----------+-------------------------------------------
     0 | D:1      | qw the Minotaur Hexslinger began the quest for the Orb.
     0 | D:1      | Reached XP level 1. HP: 16/16 MP: 1/1
     0 | D:1      | 0 ||| qw: Version: 0.3-a-52-g30416fa
     0 | D:1      | 0 ||| qw: Game counter: 7505
     0 | D:1      | 0 ||| qw: Melee chars always use a shield: true
     0 | D:1      | 0 ||| qw: God list: Okawaru
     0 | D:1      | 0 ||| qw: Allow faded altars: false
     0 | D:1      | 0 ||| qw: Do Orc after clearing Dungeon:15 true
     0 | D:1      | 0 ||| qw: Do second Lair branch before Depths: true
     0 | D:1      | 0 ||| qw: Lair rune preference: random
     0 | D:1      | 0 ||| qw: Goals: Normal
     0 | D:1      | 0 ||| PLANNING D:1-11
   171 | D:1      | Reached skill level 3 in Ranged Weapons
   190 | D:1      | Reached XP level 2. HP: 23/23 MP: 2/2
   768 | D:1      | Reached XP level 3. HP: 29/29 MP: 3/3
   889 | D:1      | 889 ||| UPGRADING to +0 leather armour.
   899 | D:1      | 899 ||| DROPPING +0 robe.
   900 | D:1      | 900 ||| UPGRADING to amulet of reflection.
   905 | D:1      | 905 ||| READING scroll labelled DER WICEOLI.
   906 | D:1      | 906 ||| DROPPING scroll of poison.
  1105 | D:2      | Reached skill level 4 in Ranged Weapons
  1147 | D:2      | HP: 7/29 [poisoned by an adder]
  1645 | D:2      | 1645 ||| UPGRADING to +0 ring mail.
  1655 | D:2      | 1655 ||| DROPPING +0 leather armour.
  1656 | D:2      | 1656 ||| DROPPING amulet of magic regeneration.
  1657 | D:2      | 1657 ||| READING scroll labelled FALUACR YMEOL.
  1658 | D:2      | 1658 ||| READING scroll labelled REBIQE RICZIRO.
  1659 | D:2      | 1659 ||| READING scroll labelled FATWIU HITONUE.
  1663 | D:2      | 1663 ||| DRINKING 2 coppery potions.
  1696 | D:3      | Reached XP level 4. HP: 32/36 MP: 4/4
  1698 | D:3      | 1698 ||| STAIRDANCE
  1705 | D:2      | Reached skill level 1 in Armour
  1986 | D:3      | Found a glowing silver altar of Zin.
  1986 | D:3      | Found a shimmering altar of Xom.
  1987 | D:3      | Found a blossoming altar of Fedhas.
  2395 | D:3      | 2395 ||| DROPPING amulet of guardian spirit.
  2458 | D:4      | Found a shadowy altar of Dithmenos.
  2460 | D:4      | Found an iron altar of Okawaru.
  2461 | D:4      | 2461 ||| PLANNING OKAWARU WORSHIP
  2468 | D:4      | Became a worshipper of Warmaster Okawaru
  2469 | D:4      | 2469 ||| PLANNING D:1-11
  2679 | D:4      | Reached skill level 5 in Ranged Weapons
  2771 | D:4      | Reached XP level 5. HP: 41/41 MP: 5/5
  3362 | D:4      | Found a glowing golden altar of the Shining One.
  3469 | D:4      | 3469 ||| READING 3 scrolls labelled UQIKOROECI.
  3470 | D:4      | 3470 ||| READING scroll labelled TESEON KES.
  3471 | D:4      | 3471 ||| DROPPING 2 scrolls of fog.
  3492 | D:5      | Entered Level 5 of the Dungeon
  3648 | D:5      | Reached skill level 3 in Fighting
  3662 | D:5      | HP: 10/45 [gnoll/+0 spear (4)]
  3663 | D:5      | 3663 ||| READING 2 scrolls of teleportation.
  3664 | D:5      | 3664 ||| DRINKING potion of heal wounds.
  3756 | D:5      | Noticed a phantom
  3773 | D:5      | Killed a phantom
  3774 | D:5      | Reached skill level 6 in Ranged Weapons
  3774 | D:5      | Reached XP level 6. HP: 30/51 MP: 6/6
  4072 | D:5      | 4072 ||| Stepping ~*~*~tactically~*~*~ (outnumbered).
  4081 | D:5      | Reached * piety under Okawaru
  4082 | D:5      | 4082 ||| INVOKING Heroism.
  4083 | D:5      | 4083 ||| Stepping ~*~*~tactically~*~*~ (outnumbered).
  4084 | D:5      | 4084 ||| INVOKING Heroism.
  4086 | D:5      | HP: 11/53 [orc priest/divine providence (13)]
  4087 | D:5      | 4087 ||| READING scroll of teleportation.
  4087 | D:5      | Killed from afar by an orc priest

Levels and vault maps discovered:
D:1:      nicolae_arrival_somewhat_less_tricky_arrival, layout_basic,
          minmay_misc_feat_room, chequers_avenue
D:2:      layout_loops_cross
D:3:      layout_loops_ring, gammafunk_temple_overflow_claw,
          hangedman_decor_lopped, hangedman_decor_clover_reticule
D:4:      layout_layer_cave, chequers_temple_overflow_statue_of_worship,
          tso_oasis_becter
D:5:      layout_layer_cave

Skill      XL: |  1  2  3  4  5  6 |
---------------+-------------------+-----
Ranged Weapons | 3 4 5 6 |  6.3
Fighting       | 2 3 4 |  4.5
Armour         | 1 |  1.1
Dodging        | |  2.1
Spellcasting   | |  1.0
Hexes          | |  2.0

Action                     |  1- 3 |  4- 6 || total
---------------------------+-------+-------++-------
   Fire: Sling             |   147 |   167 ||   314
 Invoke: Heroism           |       |     1 ||     1
    Use: Scroll            |     4 |     4 ||     8
         Potion            |     1 |     1 ||     2
 Armour: Robe              |     5 |       ||     5
         Ring mail         |     2 |    23 ||    25
         Leather armour    |     2 |       ||     2
  Dodge: Dodged            |    45 |    71 ||   116
  Block: Other             |     9 |    26 ||    35
         Reflection        |       |     2 ||     2

Table legend:
 A = Non-vault XP
 B = Vault XP
 C = Vault XP percentage of total XP
 D = Non-vault monster count
 E = Vault monster count
 F = Vault count percentage of total count
                 A         B        C        D         E       F
            +---------+---------+-------+---------+---------+-------
      Total |     546 |       0 |   0.0 |      89 |       0 |   0.0
            +---------+---------+-------+---------+---------+-------
        D:1 |      51 |       0 |   0.0 |      33 |       0 |   0.0
        D:2 |      59 |       0 |   0.0 |      18 |       0 |   0.0
        D:3 |      31 |       0 |   0.0 |      16 |       0 |   0.0
        D:4 |      72 |       0 |   0.0 |      12 |       0 |   0.0
        D:5 |     333 |       0 |   0.0 |      10 |       0 |   0.0
            +---------+---------+-------+---------+---------+-------
